[Event "Titled Tuesday Blitz August 17 2021"]
[White "Slavin, Alexey"]
[Black "Mladek, Richard"]
[WhiteFideId "24104388"]
[BlackFideId "386588"]
[WhiteElo "2262"]
[BlackElo "2355"]
[Result "0-1"]
[Round "06"]
[TimeControl "180+1"]
[Date "2021.08.18"]
[WhiteClock "0:00:02"]
[BlackClock "0:00:31"]

1. e4 c5 2. g3 Nf6 3. Bg2 Nc6 4. Ne2 d5 5. exd5 Nxd5 6. Nbc3 Nc7 7. O-O e5 8. d3 Be7 9. f4 exf4 10. Bxf4 O-O 11. Kh1 Bg4 12. Qd2 Ne6 13. Be3 Qd7 14. Rae1 Rae8 15. Nf4 Ned4 16. Nfd5 Bd6 17. Ne4 b6 18. Nxd6 Qxd6 19. c3 Nf5 20. Bf4 Qd7 21. Nc7 Rc8 22. Nd5 Rfe8 23. Ne3 Nxe3 24. Rxe3 Bh3 25. Rfe1 Bxg2+ 26. Qxg2 h6 27. Qe2 Rxe3 28. Qxe3 Qd5+ 29. Kg1 Qxa2 30. Re2 Qd5 31. h4 Rd8 32. Rd2 Qd7 33. Kg2 Ne7 34. Qe5 Ng6 35. Qe4 Re8 36. Qf3 Qf5 37. d4 cxd4 38. cxd4 Rd8 39. Bc7 Qxf3+ 40. Kxf3 Rd7 41. Bb8 Ne7 42. Ke4 f5+ 43. Ke5 Nc6+ 44. Ke6 Nxb8 45. d5 Kf8 46. Rc2 Ke8 47. Rc8+ Rd8 48. Rc7 Nd7 49. d6 Nc5+ 50. Kd5 Rd7 51. Rc8+ Kf7 52. Kc6 a5 53. Rc7 Ke6 54. Kxb6 Kxd6 55. Rc6+ Kd5 56. Rxc5+ Ke4 57. Rxa5 Rd3 58. b4 Rxg3 59. b5 Rb3 60. Ra4+ Kf3 61. Kc6 Kg3 62. h5 f4 63. b6 f3 64. Ra5 f2 65. Rf5 Rf3 0-1


[Site "https://www.chess.com"]

[Event "Titled Tuesday Blitz August 17 2021"]
[White "Sokolin, Leonid"]
[Black "Bacrot, Etienne"]
[WhiteFideId "2009161"]
[BlackFideId "605506"]
[WhiteElo "2394"]
[BlackElo "2673"]
[Result "0-1"]
[Round "06"]
[TimeControl "180+1"]
[Date "2021.08.17"]
[WhiteClock "0:00:02"]
[BlackClock "0:00:14"]

1. e4 c5 2. Nf3 d6 3. Bb5+ Bd7 4. Bxd7+ Qxd7 5. c4 e5 6. O-O Nc6 7. a3 Be7 8. Nc3 Bd8 9. Nd5 Nge7 10. d3 O-O 11. b4 cxb4 12. Nxb4 f5 13. exf5 Nxf5 14. Bb2 Bb6 15. Nd5 Bc5 16. Qd2 Rf7 17. Rae1 h6 18. Re2 Raf8 19. a4 Qd8 20. Bc3 g5 21. Re4 Nh4 22. Rxh4 gxh4 23. Qxh6 Rh7 24. Qe6+ Kh8 25. h3 Qc8 26. Qg6 Rxf3 27. Nf6 Rxf6 28. Qxf6+ Kg8 29. Re1 Qf8 30. Qe6+ Qf7 31. Qc8+ Kg7 32. Qg4+ Kh8 33. Re2 Nd4 34. Re4 Ne6 35. Re2 Qf6 36. Kh1 Rg7 37. Qh5+ Kg8 38. Qe8+ Nf8 39. f3 Qf4 40. Re4 Qg3 41. Re2 Rf7 42. Be1 Qg5 43. Qc8 Rxf3 44. Kh2 Qf4+ 45. g3 hxg3+ 46. Kg2 Rf1 0-1


[Site "https://www.chess.com"]

[Event "Titled Tuesday Blitz August 17 2021"]
[White "Sokolovsky, Yahli"]
[Black "Djordjevic, Vuk"]
[WhiteFideId "2820242"]
[BlackFideId "902098"]
[WhiteElo "1770"]
[BlackElo "2463"]
[Result "1-0"]
[Round "06"]
[TimeControl "180+1"]
[Date "2021.08.17"]
[WhiteClock "0:00:02"]
[BlackClock "0:00:03"]

1. b3 e5 2. Bb2 Nc6 3. c4 g6 4. Nc3 Bg7 5. Nf3 d6 6. e3 Nge7 7. d4 exd4 8. exd4 d5 9. cxd5 Nxd5 10. Bc4 Be6 11. Nxd5 Bxd5 12. Qe2+ Ne7 13. Ba3 Bxc4 14. bxc4 Bf6 15. O-O O-O 16. Rad1 Re8 17. Qc2 Nf5 18. d5 Qd7 19. Bb2 Bxb2 20. Qxb2 b6 21. Ne5 Qd6 22. Ng4 Re7 23. Nf6+ Kh8 24. Rfe1 Ng7 25. Qc3 Rd8 26. Rxe7 Qxe7 27. Re1 Qf8 28. g4 Qd6 29. Ne8 Qf8 30. Nf6 a6 31. Qh3 h5 32. gxh5 Nxh5 33. Nxh5 gxh5 34. Qxh5+ Kg8 35. Kh1 Qd6 36. Rg1+ Kf8 37. Re1 Qf6 38. Qe2 b5 39. cxb5 axb5 40. Qe3 b4 41. Qe4 Qxf2 42. Qe7+ Kg7 43. Rg1+ Kh8 44. Qe5+ Kh7 45. Qh5# 1-0


[Site "https://www.chess.com"]

[Event "Titled Tuesday Blitz August 17 2021"]
[White "Sonis, Francesco"]
[Black "Preotu, Razvan"]
[WhiteFideId "895733"]
[BlackFideId "2613280"]
[WhiteElo "2373"]
[BlackElo "2407"]
[Result "0-1"]
[Round "06"]
[TimeControl "180+1"]
[Date "2021.08.17"]
[WhiteClock "0:02:41"]
[BlackClock "0:01:47"]

1. d4 Nf6 2. c4 g6 3. Nc3 d5 4. cxd5 Nxd5 5. e4 Nxc3 6. bxc3 Bg7 7. Bc4 c5 8. Ne2 Nc6 9. Be3 O-O 10. h4 Na5 11. Bd3 cxd4 12. cxd4 Nc6 13. Bb5 Qa5+ 14. Kf1 Qxb5 15. h5 Rd8 16. hxg6 hxg6 17. Rb1 Qa6 18. Kg1 Qxa2 19. d5 Ne5 20. Bd4 Bg4 21. Rb2 Bxe2 22. Qxe2 Qc4 23. Qxc4 Nxc4 24. Bxg7 Kxg7 25. Rxb7 Rab8 26. Rxb8 Rxb8 27. Rh3 a5 28. Rc3 Rb4 29. f4 a4 0-1


[Site "https://www.chess.com"]

[Event "Titled Tuesday Blitz August 17 2021"]
[White "Stoyanov, Tsvetan"]
[Black "Siva Mahadevan"]
[WhiteFideId "2917173"]
[BlackFideId "25043153"]
[WhiteElo "2191"]
[BlackElo "2203"]
[Result "1-0"]
[Round "06"]
[TimeControl "180+1"]
[Date "2021.08.17"]
[WhiteClock "0:00:29"]
[BlackClock "0:00:05"]

1. e4 c5 2. Nf3 Nc6 3. d4 cxd4 4. Nxd4 Nf6 5. Nc3 d6 6. Bc4 Qb6 7. Nxc6 bxc6 8. O-O g6 9. Qe1 Ng4 10. h3 Ne5 11. Na4 Qd4 12. Bb3 Ba6 13. Bd2 Bxf1 14. Bc3 Qxc3 15. Qxc3 Bb5 16. f4 Bg7 17. fxe5 Bxe5 18. Qd2 O-O 19. Nc3 Ba6 20. Nd1 c5 21. c3 e6 22. Ne3 Bf4 23. Qf2 Bh6 24. Ng4 Bg7 25. Nf6+ Kh8 26. Rd1 Rad8 27. e5 dxe5 28. Nd7 Rfe8 29. Nxc5 Rxd1+ 30. Bxd1 Bb5 31. a4 Bc4 32. b3 Bd5 33. Qxf7 Rf8 34. Qe7 Bh6 35. Bf3 Bxf3 36. gxf3 Rxf3 37. Nxe6 Be3+ 38. Kg2 Rf2+ 39. Kg3 1-0


[Site "https://www.chess.com"]

[Event "Titled Tuesday Blitz August 17 2021"]
[White "Svane, Rasmus"]
[Black "Durarbayli, Vasif"]
[WhiteFideId "4657101"]
[BlackFideId "13402935"]
[WhiteElo "2669"]
[BlackElo "2522"]
[Result "1-0"]
[Round "06"]
[TimeControl "180+1"]
[Date "2021.08.17"]
[WhiteClock "0:00:07"]
[BlackClock "0:00:08"]

1. Nf3 d5 2. g3 g6 3. Bg2 Bg7 4. d4 Nf6 5. O-O O-O 6. c3 a5 7. a4 Nbd7 8. Re1 Nb6 9. Nbd2 Bf5 10. Nh4 Be6 11. e4 dxe4 12. Nxe4 Nxe4 13. Bxe4 c6 14. Nf3 Qd7 15. h4 Bg4 16. Kg2 Nd5 17. Qd3 Rae8 18. Ne5 Bh3+ 19. Kh2 Qc8 20. Qf3 Be6 21. h5 f6 22. Nxg6 hxg6 23. h6 Bg4 24. Qd3 Bf5 25. Bxf5 gxf5 26. hxg7 Kxg7 27. Kg2 Rh8 28. Bd2 e6 29. c4 Nb4 30. Bxb4 axb4 31. Qf3 Qd7 32. Rad1 Qd6 33. b3 Rh6 34. d5 cxd5 35. cxd5 e5 36. Qxf5 Reh8 37. Qg4+ Kf7 38. Qf3 Rh2+ 39. Kg1 Qd7 40. Kf1 e4 41. Rxe4 Rh1+ 42. Ke2 Rxd1 43. Kxd1 Qxd5+ 44. Ke2 Rd8 45. Kf1 Qc6 46. Kg2 Rd2 47. Rxb4 Rb2 48. Qxc6 bxc6 49. Rb6 c5 50. Rb5 Rc2 51. a5 Ke6 52. a6 Ra2 53. Rxc5 Rxa6 54. Rb5 Ra2 55. Kf3 Rb2 56. Rb6+ Ke5 57. Rb5+ Ke6 58. g4 Rb1 59. Kf4 Rf1 60. f3 Rd1 61. Rb6+ Kf7 62. b4 Re1 63. Rb5 Ke6 64. Rb6+ Kf7 65. Rb8 Re2 66. b5 Rb2 67. b6 Rb5 68. Ke4 Kg7 69. f4 Kf7 70. f5 Kg7 71. Kd4 Kh6 72. b7 Rb1 73. Rh8+ Kg5 74. b8=Q Rd1+ 75. Ke3 Re1+ 76. Kf2 Rf1+ 77. Kxf1 Kxg4 78. Rg8+ Kf3 79. Qb3+ Kf4 80. Rg2 Ke5 81. Qb2+ Ke4 82. Rc2 Kf3 83. Rc3+ Kg4 84. Qb4+ Kh5 85. Rc6 Kg5 86. Rxf6 Kh5 87. Ke2 Kg5 88. Rg6+ Kh5 89. Qg4# 1-0


[Site "https://www.chess.com"]

[Event "Titled Tuesday Blitz August 17 2021"]
[White "Tari, Aryan"]
[Black "Moskalenko, Alexander"]
[WhiteFideId "1510045"]
[BlackFideId "4155351"]
[WhiteElo "2656"]
[BlackElo "2495"]
[Result "0-1"]
[Round "06"]
[TimeControl "180+1"]
[Date "2021.08.17"]
[WhiteClock "0:00:03"]
[BlackClock "0:00:56"]

1. e4 e6 2. d4 d5 3. e5 c5 4. c3 Nc6 5. Nf3 Bd7 6. Be2 Nh6 7. Na3 cxd4 8. cxd4 Bb4+ 9. Bd2 Qa5 10. Nc2 Bxd2+ 11. Qxd2 Qxd2+ 12. Kxd2 Ke7 13. Ne3 f6 14. Bb5 Nxe5 15. dxe5 Bxb5 16. Nd4 Bd7 17. f4 fxe5 18. fxe5 Nf7 19. Rhe1 Rac8 20. b3 Rhf8 21. h4 Nxe5 22. Nxd5+ exd5 23. Rxe5+ Kd6 24. Rg5 g6 25. Re1 Rf2+ 26. Re2 Rxe2+ 27. Kxe2 Re8+ 28. Kd3 Re1 29. h5 Be8 30. Nf3 Rh1 31. Kd4 Rd1+ 32. Ke3 b6 33. Kf4 Ra1 34. Re5 Bd7 35. h6 Rh1 36. Kg5 Rh5+ 37. Kf6 Rxh6 38. Ng5 Rh2 39. Nf7+ Kc6 40. Re7 Bf5 41. g4 Be4 42. Ne5+ Kd6 43. Rd7+ Kc5 44. Rxa7 h5 45. g5 Rf2+ 46. Kg7 Rf5 47. Nf7 h4 48. Rc7+ Kd4 49. Kxg6 h3 50. Nd6 h2 51. Nxf5+ Bxf5+ 52. Kxf5 h1=Q 53. g6 Qe4+ 0-1


[Site "https://www.chess.com"]

[Event "Titled Tuesday Blitz August 17 2021"]
[White "TengisChess"]
[Black "Wilson, Elvin"]
[BlackFideId "2014874"]
[WhiteElo "2463"]
[BlackElo "2332"]
[Result "1-0"]
[Round "06"]
[TimeControl "180+1"]
[Date "2021.08.18"]
[WhiteClock "0:00:38"]
[BlackClock "0:00:09"]

1. Nf3 Nf6 2. c4 c5 3. Nc3 e6 4. g3 b6 5. Bg2 Bb7 6. O-O Be7 7. d4 cxd4 8. Qxd4 d6 9. Rd1 a6 10. b3 Nbd7 11. Bb2 O-O 12. Rac1 Qc7 13. Ng5 Bxg2 14. Kxg2 b5 15. Nce4 b4 16. Nxd6 Nc5 17. Nde4 Qc6 18. f3 Rfd8 19. Qe3 Ncxe4 20. Nxe4 Nxe4 21. Qxe4 Qxe4 22. fxe4 Bg5 23. Rb1 Bd2 24. Kf3 f6 25. Bc1 Bc3 26. Be3 Kf7 27. Bb6 Rd2 28. Rxd2 Bxd2 29. Rd1 Rb8 30. c5 Bc3 31. Rd7+ Kg6 32. Bc7 Rc8 33. Bd6 Bd4 34. Ra7 Bxc5 35. Bxc5 Rxc5 36. Rxa6 Rc3+ 37. Kf2 e5 38. Ra4 Rc2 39. h4 h5 40. Rxb4 Rxa2 41. Rb8 Rb2 42. b4 Kh6 43. b5 g5 44. b6 gxh4 45. gxh4 Rb3 46. b7 Kh7 47. Ke1 Kg7 48. Kd2 Kh7 49. Kc2 Rb6 50. Kc3 Kg7 51. Kc4 Rb1 52. Kd5 Rd1+ 53. Ke6 Rb1 54. Kf5 Rb6 55. e3 Rb1 56. Ke6 Rb6+ 57. Ke7 Rb1 58. Kd7 Rd1+ 59. Ke8 Rb1 60. Kd7 Rb2 61. Ke6 Rb6+ 62. Kd5 Rb1 63. Kc6 Rc1+ 64. Kd6 Rd1+ 65. Ke6 Rb1 66. Re8 Rb6+ 67. Kf5 Rxb7 68. Rd8 Rb6 69. Rd7+ Kh6 70. Rf7 Rb3 71. Rxf6+ Kg7 72. Rg6+ Kf7 73. Rg5 Rxe3 74. Rxh5 Re1 75. Kxe5 Rg1 76. Rf5+ Kg6 77. Rg5+ Rxg5+ 78. hxg5 Kxg5 79. Kd6 Kf6 80. e5+ Kf7 81. e6+ Ke8 82. e7 Kf7 83. Kd7 1-0


[Site "https://www.chess.com"]

[Event "Titled Tuesday Blitz August 17 2021"]
[White "Terletsky, Oleg"]
[Black "Ovetchkin, Roman"]
[WhiteFideId "14116774"]
[BlackFideId "4119991"]
[WhiteElo "2073"]
[BlackElo "2432"]
[Result "0-1"]
[Round "06"]
[TimeControl "180+1"]
[Date "2021.08.17"]
[WhiteClock "0:00:52"]
[BlackClock "0:02:11"]

1. e4 c6 2. d4 d5 3. Nc3 dxe4 4. Nxe4 Nf6 5. Nxf6+ exf6 6. Bc4 Bd6 7. Qe2+ Be7 8. Nf3 O-O 9. Be3 Na6 10. O-O-O Nc7 11. Bd3 b5 12. h4 Be6 13. Kb1 a5 14. h5 a4 15. h6 g6 16. g4 Qd5 17. b3 axb3 18. axb3 Bxg4 19. Bf4 Ne6 0-1


[Site "https://www.chess.com"]

[Event "Titled Tuesday Blitz August 17 2021"]
[White "Tharushi, T H D Niklesha"]
[Black "Gedajlovic, Max"]
[WhiteFideId "9918264"]
[BlackFideId "2616840"]
[WhiteElo "1595"]
[BlackElo "2137"]
[Result "0-1"]
[Round "06"]
[TimeControl "180+1"]
[Date "2021.08.17"]
[WhiteClock "0:00:18"]
[BlackClock "0:00:15"]

1. e4 e6 2. d4 d5 3. e5 c5 4. Nf3 Nc6 5. Bb5 Bd7 6. Bxc6 bxc6 7. O-O cxd4 8. Qxd4 c5 9. Qd3 Ne7 10. c4 Bc6 11. cxd5 exd5 12. Re1 d4 13. Na3 Bxf3 14. Qxf3 Qd5 15. Qd3 Nc6 16. b3 Be7 17. Qg3 g6 18. Nb5 Rc8 19. Bh6 Kd7 20. e6+ fxe6 21. Rac1 Nb4 22. Re5 Qb7 23. Qh3 Rc6 24. Rce1 Qa6 25. Bf4 Rf8 26. Rxe6 Rxe6 27. Nc7 Rf5 28. Nxe6 Qxe6 29. Rxe6 Kxe6 30. Bg3 h5 31. Bb8 Nd5 32. g4 hxg4 33. Qxg4 Kf7 34. h4 Nc3 35. Kg2 a6 36. Ba7 Nd5 37. Qe4 Nf4+ 38. Kg3 Ne6 39. f4 Rxf4 40. Qxf4+ Nxf4 41. Kxf4 Ke6 42. Ke4 Kd6 43. Bb8+ Kc6 44. Bg3 Kb5 45. Kd3 Kc6 46. a4 Kd5 47. a5 Bd8 48. Be1 Bc7 49. Bd2 Bg3 50. Bg5 Be1 51. Bd8 Ke5 52. Kc4 Ke4 53. Bg5 d3 54. Kxc5 Bxa5 55. b4 Bd8 56. Bxd8 d2 57. h5 d1=Q 58. Kb6 Qxd8+ 59. Kxa6 gxh5 60. b5 Qb8 61. b6 h4 62. b7 h3 63. Kb6 h2 64. Ka6 h1=Q 65. Kb6 Qb1+ 66. Ka6 Q1xb7+ 67. Ka5 Q8a7# 0-1


[Site "https://www.chess.com"]

[Event "Titled Tuesday Blitz August 17 2021"]
[White "Timofeev, Artyom"]
[Black "Quparadze, Giga"]
[WhiteFideId "4140419"]
[BlackFideId "13602250"]
[WhiteElo "2582"]
[BlackElo "2658"]
[Result "1-0"]
[Round "06"]
[TimeControl "180+1"]
[Date "2021.08.17"]
[WhiteClock "0:00:46"]
[BlackClock "0:00:26"]

1. c4 c5 2. Nc3 Nc6 3. g3 g6 4. Bg2 Bg7 5. Nf3 d6 6. O-O e6 7. e3 Nge7 8. d4 O-O 9. d5 Na5 10. Nd2 Rb8 11. Qc2 b5 12. dxe6 Bxe6 13. cxb5 d5 14. Nb3 d4 15. Rd1 Nxb3 16. axb3 Qb6 17. Ra6 Qd8 18. b4 cxb4 19. Ne2 Rc8 20. Qa4 d3 21. Nf4 Bc4 22. b3 Bd5 23. Qxb4 Bxg2 24. Kxg2 Nd5 25. Nxd5 Qxd5+ 26. e4 Qb7 27. Be3 Bc3 28. Qa4 Qd7 29. Rxa7 Qd6 30. b6 d2 31. Rd7 Qe6 32. b7 Rcd8 33. Rxd8 Rxd8 34. Bf4 Qb6 35. Qc4 Ba5 36. Qc8 Qxb3 37. b8=Q Qxd1 38. Qxd8+ Bxd8 39. Qxd8+ Kg7 40. Be5+ f6 41. Qxf6+ Kh6 42. Bf4+ Kh5 43. Qg5# 1-0


[Site "https://www.chess.com"]

[Event "Titled Tuesday Blitz August 17 2021"]
[White "Tristan, Leonardo"]
[Black "Zhigalko, Sergei"]
[WhiteFideId "113816"]
[BlackFideId "13502956"]
[WhiteElo "2404"]
[BlackElo "2662"]
[Result "0-1"]
[Round "06"]
[TimeControl "180+1"]
[Date "2021.08.17"]
[WhiteClock "0:00:02"]
[BlackClock "0:00:06"]

1. d4 Nf6 2. Nf3 e6 3. Bf4 d5 4. e3 Bd6 5. Bg3 O-O 6. c4 b6 7. cxd5 exd5 8. Nc3 Bb7 9. Qc2 c5 10. Rd1 c4 11. Be2 a6 12. O-O b5 13. a3 Bxg3 14. hxg3 Nc6 15. Ne5 Qd6 16. f4 b4 17. axb4 Nxb4 18. Qf5 Bc8 19. Qg5 Rb8 20. f5 Re8 21. Bh5 Rb7 22. Bf3 Nc6 23. Nxc6 Qxc6 24. e4 dxe4 25. Nxe4 Nxe4 26. Bxe4 Qxe4 27. Rde1 Qxd4+ 28. Kh1 Rxe1 29. Rxe1 h6 30. Qh5 Qd8 31. g4 Re7 32. Rf1 Bb7 33. f6 Re2 34. Rg1 Qxf6 35. Qc5 Qh4# 0-1


[Site "https://www.chess.com"]

[Event "Titled Tuesday Blitz August 17 2021"]
[White "Turayev, Shahruh"]
[Black "Garv Gaur"]
[WhiteFideId "14003856"]
[BlackFideId "45030839"]
[WhiteElo "2588"]
[BlackElo "1950"]
[Result "1-0"]
[Round "06"]
[TimeControl "180+1"]
[Date "2021.08.18"]
[WhiteClock "0:00:15"]
[BlackClock "0:00:34"]

1. e4 c6 2. Nc3 d5 3. exd5 cxd5 4. d4 Nc6 5. Bf4 a6 6. Nf3 Nf6 7. Be2 Bg4 8. O-O e6 9. Ne5 Bxe2 10. Nxe2 Bd6 11. Ng3 Qc7 12. Re1 h5 13. h3 O-O-O 14. Rc1 h4 15. Nf1 Ne4 16. c4 Bxe5 17. Bxe5 Nxe5 18. cxd5 Nc4 19. Rxe4 exd5 20. Re1 Kb8 21. b3 Rh6 22. bxc4 dxc4 23. Ne3 Rc6 24. a4 c3 25. d5 Rc5 26. Qd3 g6 27. Rc2 f5 28. Rec1 f4 29. Ng4 Rdxd5 30. Qxg6 Rd2 31. Qf6 Rc6 32. Qh8+ Ka7 33. Rxc3 Rxc3 34. Rxc3 Rd1+ 35. Kh2 Qd6 36. Qe5 Qb6 37. Qc5 Qxc5 38. Rxc5 Rd4 39. a5 b6 40. Rc7+ Kb8 41. axb6 a5 42. Ne5 Rd6 43. Nc6+ Rxc6 44. Rxc6 Kb7 45. Rc4 Kxb6 46. Rxf4 Kb5 47. Rxh4 Kc5 48. Ra4 Kb5 49. Rxa5+ Kxa5 50. h4 Kb6 51. h5 Kc6 52. h6 Kd6 53. h7 Kc5 54. h8=Q Kc4 55. Qh3 Kd4 56. Qf3 Kc4 57. g4 Kd4 58. g5 Kc5 59. g6 Kd4 60. g7 Kc5 61. g8=Q Kb4 62. Qgg4+ Kc5 63. Qge4 Kd6 64. Qfd3+ Kc7 65. Qec4+ Kb6 66. Qdb3+ Ka5 67. Qca4# 1-0


[Site "https://www.chess.com"]

[Event "Titled Tuesday Blitz August 17 2021"]
[White "Turner, Max N"]
[Black "Esenbek Uulu, Ilimbek"]
[WhiteFideId "447722"]
[BlackFideId "13800680"]
[WhiteElo "2078"]
[BlackElo "2103"]
[Result "1-0"]
[Round "06"]
[TimeControl "180+1"]
[Date "2021.08.18"]
[WhiteClock "0:00:07"]
[BlackClock "0:00:02"]

1. d4 d5 2. c4 e6 3. Nf3 Nf6 4. Nc3 Nbd7 5. cxd5 exd5 6. Bg5 c6 7. e3 Be7 8. Bd3 O-O 9. O-O Re8 10. Rb1 Nf8 11. b4 a6 12. Qc2 Ne4 13. Bxe7 Qxe7 14. Bxe4 dxe4 15. Nd2 Bf5 16. a4 Ng6 17. Ne2 Nh4 18. Ng3 Bg6 19. Qc5 Qe6 20. Qg5 Nf5 21. Nxf5 Bxf5 22. Rfc1 h6 23. Qf4 g5 24. Qc7 Re7 25. Qg3 f6 26. Nb3 h5 27. Nc5 Qd5 28. h4 Rg7 29. hxg5 Rxg5 30. Qc7 Rg7 31. Qf4 Bh3 32. g3 Rf8 33. Kh2 Bc8 34. b5 axb5 35. axb5 b6 36. Nxe4 Qf5 37. Qxf5 Bxf5 38. f3 cxb5 39. Rxb5 Bxe4 40. fxe4 Re7 41. e5 fxe5 42. dxe5 Rfe8 43. Rxb6 Rxe5 44. Rg6+ Kh7 45. Rf6 Rxe3 46. Rc7+ R8e7 47. Rc5 R3e5 48. Rcc6 Rg5 49. Rh6+ Kg7 50. Rhd6 Re2+ 51. Kh3 Re7 52. Ra6 Rf5 53. Rdb6 Rd5 54. Kh4 Re4+ 55. Kh3 Re7 56. Rg6+ Kf7 57. Rh6 Rg5 58. Raf6+ Ke8 59. Rh8+ Kd7 60. Rf3 Reg7 61. Ra8 Ke6 62. Ra6+ Ke5 63. Ra5+ Ke4 64. Rf4+ Ke3 65. Rxg5 Rxg5 66. Kh4 Re5 67. Rf8 Ke4 68. Rg8 Kf3 69. Rh8 Re4+ 70. Kh3 Rg4 71. Rf8+ Ke3 72. Rf5 Rg6 73. Rxh5 Ke4 74. g4 Kf4 75. Rf5+ Ke4 76. Rf1 Ke5 77. Kh4 Rh6+ 78. Kg5 Rh3 79. Re1+ Kd6 80. Kg6 Rg3 81. g5 Kd7 82. Kf6 Rf3+ 83. Kg7 Rg3 84. g6 Rg4 85. Kf7 Rf4+ 86. Kg8 Rg4 87. g7 Rg3 88. Re4 1-0


[Site "https://www.chess.com"]

[Event "Titled Tuesday Blitz August 17 2021"]
[White "Urazayev, Arystanbek"]
[Black "Yoo, Christopher Woojin"]
[WhiteFideId "13709810"]
[BlackFideId "30909694"]
[WhiteElo "2321"]
[BlackElo "2105"]
[Result "0-1"]
[Round "06"]
[TimeControl "180+1"]
[Date "2021.08.17"]
[WhiteClock "0:00:12"]
[BlackClock "0:00:37"]

1. d4 Nf6 2. c4 e6 3. Nc3 d5 4. Nf3 h6 5. g3 Nc6 6. Bg2 Bd6 7. O-O O-O 8. b3 Re8 9. Bb2 dxc4 10. bxc4 e5 11. d5 Na5 12. Nd2 Bd7 13. e4 c6 14. Qe2 Rc8 15. Rac1 Qb6 16. Ba1 Qa6 17. Qd1 cxd5 18. Nxd5 Nxd5 19. cxd5 Rxc1 20. Qxc1 Rc8 21. Qb1 Qe2 22. Nb3 Nxb3 23. Qxb3 b6 24. Bf3 Qc2 25. Bd1 Qd2 26. Qb2 Qd3 27. Be2 Qxe4 28. Ba6 Bh3 29. f3 Qe3+ 30. Rf2 Rc1+ 31. Bf1 Rxf1# 0-1


[Site "https://www.chess.com"]

[Event "Titled Tuesday Blitz August 17 2021"]
[White "Vasli, Aref"]
[Black "Kvon, Andrey"]
[WhiteFideId "417521"]
[BlackFideId "14201356"]
[WhiteElo "2257"]
[BlackElo "2458"]
[Result "1-0"]
[Round "06"]
[TimeControl "180+1"]
[Date "2021.08.17"]
[WhiteClock "0:00:29"]
[BlackClock "0:01:42"]

1. e4 e5 2. Nf3 Nc6 3. Bb5 a6 4. Ba4 Nf6 5. O-O b5 6. Bb3 Bc5 7. c3 d6 8. d4 Bb6 9. h3 Bb7 10. Be3 O-O 11. Nbd2 h6 12. dxe5 dxe5 13. Bxb6 cxb6 14. Qe2 Qc7 15. Nh4 Ne7 16. Rfe1 g5 17. Qf3 Kg7 18. Nf5+ Nxf5 19. Qxf5 Bc8 20. Qf3 Be6 21. Nf1 Nd7 22. Ng3 Rad8 23. Rad1 Qc5 24. Nh5+ Kg6 25. Rxd7 Rxd7 26. Qf6+ Kxh5 27. Bxe6 fxe6 28. g4+ Kh4 29. Qxh6# 1-0


[Site "https://www.chess.com"]

[Event "Titled Tuesday Blitz August 17 2021"]
[White "Vidruska, Renate"]
[Black "Tania, Sachdev"]
[WhiteFideId "11601841"]
[BlackFideId "5007844"]
[WhiteElo "1972"]
[BlackElo "2280"]
[Result "0-1"]
[Round "06"]
[TimeControl "180+1"]
[Date "2021.08.18"]
[WhiteClock "0:00:41"]
[BlackClock "0:00:30"]

1. e4 c5 2. Nf3 e6 3. d4 cxd4 4. Nxd4 a6 5. Nc3 Qc7 6. Bd3 Nf6 7. f4 d6 8. Qf3 b5 9. g4 Bb7 10. g5 Nfd7 11. a3 g6 12. Bd2 Bg7 13. Qf2 Nc5 14. O-O-O Nbd7 15. Kb1 Na4 16. Nxa4 bxa4 17. Bc3 O-O 18. h4 Nc5 19. Rde1 e5 20. Nf3 Rab8 21. fxe5 Nxe4 22. Bxe4 Bxe4 23. Bd4 dxe5 24. Rxe4 exd4 25. Rd1 Qc3 0-1


[Site "https://www.chess.com"]

[Event "Titled Tuesday Blitz August 17 2021"]
[White "Weetik, Vjacheslav"]
[Black "Ronka, Erik"]
[WhiteFideId "4153472"]
[BlackFideId "505080"]
[WhiteElo "2469"]
[BlackElo "2264"]
[Result "1-0"]
[Round "06"]
[TimeControl "180+1"]
[Date "2021.08.17"]
[WhiteClock "0:01:36"]
[BlackClock "0:00:45"]

1. d4 d5 2. Bf4 c5 3. e3 cxd4 4. exd4 Nc6 5. c3 f6 6. Nf3 g5 7. Be3 g4 8. Nh4 Qb6 9. Na3 e5 10. dxe5 Qxb2 11. Nb5 Rb8 12. Nc7+ Kf7 13. Qxd5+ Be6 14. Qxe6+ Kg7 15. Qxg4+ Kf7 16. Bc4+ 1-0


[Site "https://www.chess.com"]

[Event "Titled Tuesday Blitz August 17 2021"]
[White "Wesolowska, Hanna"]
[Black "Todorovic, Bojan"]
[WhiteFideId "1104683"]
[BlackFideId "917087"]
[WhiteElo "2201"]
[BlackElo "2266"]
[Result "1-0"]
[Round "06"]
[TimeControl "180+1"]
[Date "2021.08.18"]
[WhiteClock "0:00:21"]
[BlackClock "0:00:03"]

1. e4 c5 2. Nc3 Nc6 3. g3 g6 4. Bg2 Bg7 5. d3 d6 6. Be3 e6 7. Qd2 Nd4 8. Nd1 Ne7 9. c3 h6 10. cxd4 cxd4 11. Bf4 g5 12. Bxg5 hxg5 13. Qxg5 Bh6 14. Qf6 Qa5+ 15. Kf1 Ng6 16. Qxd4 Bd7 17. Qc3 Qb6 18. Ne2 Rc8 19. Qb3 Qa6 20. f4 Ba4 21. Qa3 Bf8 22. b3 Bb5 23. Qxa6 Bxa6 24. Nf2 Rc2 25. h4 Ne7 26. Bf3 Bg7 27. Rc1 Rxa2 28. g4 Kd7 29. g5 Nc6 30. h5 Nb4 31. h6 Bf8 32. Bh5 Rh7 33. Bxf7 Rxf7 34. g6 Re7 35. h7 Bg7 36. h8=Q Bxh8 37. Rxh8 Nxd3 38. Nxd3 Bxd3 39. Rcc8 Bxe2+ 40. Ke1 Rg7 41. Rhd8+ Ke7 42. Rc7+ Kf6 43. Rxg7 Kxg7 44. Rd7+ Kxg6 45. Rxd6 Kf6 46. f5 Ba6 47. Rxe6+ Kf7 48. e5 Re2+ 49. Kd1 Re4 50. Rf6+ Ke7 51. Re6+ Kd7 52. Rd6+ Kc7 53. Re6 Rf4 54. f6 Bd3 55. Re7+ Kc6 56. e6 Rxf6 57. Re8 Kd6 58. Rd8+ Kxe6 59. Rxd3 Rf7 60. Kc2 Rc7+ 61. Kb2 Rd7 62. Re3+ Kd6 63. Rh3 Kc6 64. Rh6+ Rd6 65. Rh4 a6 66. Rc4+ Kb6 67. Ka3 Ka7 68. Rb4 Rb6 69. Rf4 Rb5 70. Rc4 Rd5 71. Rc8 Kb6 72. Rc4 Kb5 73. Rc7 Kb6 74. Rc4 Rc5 75. Rf4 Ra5+ 76. Kb2 Rh5 77. Rf6+ Ka5 78. Ka3 1-0


[Site "https://www.chess.com"]

[Event "Titled Tuesday Blitz August 17 2021"]
[White "Yeletsky, Ivan"]
[Black "Oganisian, Roman"]
[WhiteFideId "24180327"]
[BlackFideId "4153006"]
[WhiteElo "2344"]
[BlackElo "2204"]
[Result "1-0"]
[Round "06"]
[TimeControl "180+1"]
[Date "2021.08.17"]
[WhiteClock "0:01:24"]
[BlackClock "0:00:06"]

1. d3 e6 2. Nd2 d5 3. g3 Nf6 4. Bg2 b6 5. e4 Bb7 6. e5 Nfd7 7. f4 c5 8. Nh3 Nc6 9. O-O Qc7 10. c4 Nb4 11. cxd5 Bxd5 12. Ne4 O-O-O 13. Nhg5 Nb8 14. a3 N4c6 15. b4 h6 16. bxc5 hxg5 17. Nd6+ Bxd6 18. cxd6 Qd7 19. d4 Bxg2 20. Kxg2 f6 21. Be3 gxf4 22. gxf4 g5 23. Rc1 Qh7 24. Bg1 Qh3+ 25. Kh1 gxf4 26. Rxf4 Rdg8 27. Rc2 fxe5 28. Rf7 exd4 29. Qxd4 Rg4 30. Rc7+ Kd8 31. Qf6+ Ke8 32. d7+ Nxd7 33. Rc8+ 1-0


[Site "https://www.chess.com"]

[Event "Titled Tuesday Blitz August 17 2021"]
[White "Zarubitski, Viachaslau"]
[Black "Dronavalli, Harika"]
[WhiteFideId "13509373"]
[BlackFideId "5015197"]
[WhiteElo "2315"]
[BlackElo "2422"]
[Result "1-0"]
[Round "06"]
[TimeControl "180+1"]
[Date "2021.08.17"]
[WhiteClock "0:00:22"]
[BlackClock "0:00:55"]

1. e4 c5 2. Nf3 g6 3. c3 d5 4. exd5 Qxd5 5. d4 Bg7 6. dxc5 Qxd1+ 7. Kxd1 Bg4 8. Be3 Nd7 9. Nd2 O-O-O 10. h3 Bxf3+ 11. Nxf3 Nxc5+ 12. Kc2 b6 13. a4 a5 14. Bb5 Nh6 15. g4 f5 16. Rhg1 fxg4 17. hxg4 Rdf8 18. Ng5 Nf7 19. Bxc5 bxc5 20. Ne6 Be5 21. f4 Bd6 22. Nxf8 Rxf8 23. Raf1 h6 24. Bc4 Nd8 25. f5 g5 26. Rh1 Rf6 27. Re1 Kc7 28. Bd5 Nc6 29. Bxc6 Kxc6 30. Re6 Rxe6 31. fxe6 Kd5 32. Rxh6 Ke5 33. Rh1 Kxe6 34. Re1+ Kd5 35. Kd3 c4+ 36. Ke3 Bf4+ 37. Kf3 e5 38. Rd1+ Kc6 39. Ke4 Kb6 40. Rd6+ Kc7 41. Rd5 Bc1 42. Rb5 Kd6 43. Rb6+ Kc5 44. Rb5+ Kd6 45. Kf5 Bf4 46. Rxa5 Kc6 47. Rb5 Bc1 48. Ke4 Bf4 49. Rxe5 Kb6 50. Rb5+ Ka6 51. Rb4 Bc1 52. Kd5 Ka5 53. Kxc4 1-0


[Site "https://www.chess.com"]